 Dungeon Crawl Stone Soup version 0.30.0-29-ga12c61a403 (webtiles) character file.

Game seed: 1144717713515349418

224 cheesebisquit the Insei (level 6, -2/46 HPs)
             Began as a Merfolk Transmuter on June 6, 2023.
             Slain by Duvessa
             ... wielding a +1 short sword of venom
              (9 damage)
             ... on level 4 of the Dungeon.
             The game lasted 00:10:00 (3758 turns).

cheesebisquit the Insei (Merfolk Transmuter)        Turns: 3758, Time: 00:10:01

Health: -2/46      AC:  2    Str: 10    XL:     6   Next: 0%
Magic:  10/10      EV: 13    Int: 14    God:
Gold:   203        SH:  0    Dex: 15    Spells: 2/10 levels left

rFire   . .          .
                       - Unarmed
rCold   . . .        (no shield)
rNeg    . . .        a - +0 robe
rPois   +            (helmet currently unavailable)
rElec   .            (no cloak)
rCorr   .            (no gloves)
SInv    .            (boots currently unavailable)
Will    .....        (no amulet)
Stlth   +            r - ring of poison resistance
HPRegen 0.27/turn    w - ring of flight
MPRegen 0.12/turn

%: no passive effects
@: lethally poisoned (-2 -> -5), appendages, flying
A: horns 2, (nimble swimmer 2), mertail
a: End Transformation


You were on level 4 of the Dungeon.
You had temporarily grown beastly horns.
You visited 1 branch of the dungeon, and saw 4 of its levels.

You collected 203 gold pieces.

Inventory:

Missiles
 l - 6 poisoned darts
Armour
 a - a +0 robe (worn)
 e - a +0 leather armour
Jewellery
 r - a ring of poison resistance (left hand)
 w - a ring of flight (right hand)
Scrolls
 c - a scroll of immolation
 d - a scroll of noise {unknown}
 f - 2 scrolls of teleportation
 g - a scroll of amnesia {unknown}
 n - a scroll of identify {unknown}
 t - a scroll of enchant weapon {unknown}
 u - a scroll of fog {unknown}
 v - 4 scrolls of magic mapping {unknown}
Potions
 b - 2 potions of lignification
 h - a potion of curing
 i - a potion of mutation {unknown}
 j - a potion of degeneration {unknown}
 k - 2 potions of cancellation
 m - a potion of resistance {unknown}
 o - a potion of ambrosia {unknown}
 p - a potion of attraction {unknown}
 q - a potion of heal wounds {unknown}
 s - a potion of might {unknown}


   Skills:
 + Level 2.5 Fighting
 + Level 4.1 Dodging
 * Level 4.9 Unarmed Combat
 + Level 2.8 Spellcasting
 + Level 4.0 Transmutations


You had 2 spell levels left.
You knew the following spells:

 Your Spells              Type           Power      Damage    Failure   Level
a - Beastly Appendage     Tmut           26%        N/A       4%          1
b - Wereblood             Tmut           13%        N/A       6%          2
c - Passwall              Tmut/Erth      5%         N/A       14%         2
d - Spider Form           Tmut/Pois      7%         N/A       28%         3

Your spell library contained the following spells:

 Spells                   Type           Power      Damage    Failure   Level
 Blink                    Tloc           4%         N/A       32%         2
 Ensorcelled Hibernation  Hex/Ice        4%         N/A       32%         2
 Lesser Beckoning         Tloc           4%         N/A       32%         2
 Momentum Strike          Conj/Tloc      4%         3d8       32%         2
 Swiftness                Air            2%         N/A       54%         3
 Ice Form                 Ice/Tmut       7%         N/A       67%         4


Dungeon Overview and Level Annotations

Branches:
Dungeon (4/15)
 Temple: D:4-7

Altars:
Qazlal
Yredelemnul
The Shining One

Annotations:
D:4 Dowan, Duvessa


Innate Abilities, Weirdness & Mutations

You have temporarily grown beastly horns.
((You are very nimble when in or above water. (Stealth+, EV+, Speed+++)))
Your lower body shifts to a powerful aquatic tail in water.


Message History

You hit Duvessa but do no damage. You headbutt Duvessa, but do no damage.
Duvessa zaps a wand.
The roots erupt in riotous growth!
The grasping roots grab you!
Duvessa is unaffected.
The grasping roots constrict you.
You hear a shout!
You hit Duvessa.
Duvessa is lightly wounded.
Duvessa barely misses you. The grasping roots constrict you!
An orc comes into view. It is wielding a +0 flail.
You punch Duvessa! You headbutt Duvessa!
Duvessa is severely wounded.
Duvessa says, "My weaknesses are his strengths!"
Duvessa drinks a potion.
Duvessa is healed!
The grasping roots constrict you.
The grasping roots release their grip on you.
You hit Duvessa.
Duvessa is heavily wounded.
Duvessa barely misses you.
You closely miss Duvessa. You headbutt Duvessa.
Duvessa is severely wounded.
Duvessa hits you with a +1 short sword of venom.
* * * LOW HITPOINT WARNING * * *
You are poisoned.
You feel better.
Duvessa hits you with a +1 short sword of venom!
* * * LOW HITPOINT WARNING * * *
You closely miss Duvessa.
Duvessa is severely wounded.
Duvessa hits you with a +1 short sword of venom.
* * * LOW HITPOINT WARNING * * *
You are poisoned.
You closely miss Duvessa. You headbutt Duvessa!
Duvessa is almost dead.
You feel sick. Duvessa barely misses you.
Dowan mumbles some strange words.
Dowan blinks!
You barely miss Duvessa.
Duvessa is severely wounded.
You feel sick.
Duvessa hits you with a +1 short sword of venom!
You die...

#... #.## #.# #.#####
#.# #......## #.# ####
#..# #.# .....
######.#####.#
......####............#
.....§e@...####.#######
.....o###..#..........#
e...# #..#.##......[#
... #..#.#........# #
#..#.#........#
#..#.#........#
#..#.####.....# #..#.#
#.....#
#########.#..#.#
###+#.#


You could see Duvessa, Dowan and an orc.

Vanquished Creatures
  An orc priest (D:3)
  Jessica (D:3)
  An iguana (D:4)
  An orc wizard (D:3)
  Terence (D:3)
  4 adders
  2 worms (D:3)
  3 orcs
  2 endoplasms
  3 giant cockroaches
  3 hobgoblins
  5 kobolds
  A quokka (D:1)
  7 ball pythons
  3 bats
  3 frilled lizards
  10 goblins
  6 rats
57 creatures vanquished.

Notes
Turn   | Place    | Note
-------+----------+-------------------------------------------
     0 | D:1      | cheesebisquit the Merfolk Transmuter began the quest for
                  | the Orb.
     0 | D:1      | Reached XP level 1. HP: 15/15 MP: 3/3
   289 | D:1      | Reached XP level 2. HP: 14/21 MP: 3/5
   346 | D:1      | Found a faded altar of an unknown god.
  1121 | D:1      | Learned a level 2 spell: Wereblood
  1182 | D:2      | Reached XP level 3. HP: 26/26 MP: 4/6
  1228 | D:2      | Found a basalt altar of Yredelemnul.
  2120 | D:3      | Noticed Terence
  2134 | D:3      | Killed Terence
  2135 | D:3      | Reached XP level 4. HP: 27/33 MP: 5/7
  2337 | D:3      | Learned a level 2 spell: Passwall
  2436 | D:3      | Noticed Jessica
  2444 | D:3      | Killed Jessica
  2445 | D:3      | Reached XP level 5. HP: 17/38 MP: 6/8
  2777 | D:3      | Found a stormy altar of Qazlal.
  2778 | D:3      | Found a glowing golden altar of the Shining One.
  3537 | D:4      | Learned a level 3 spell: Spider Form
  3684 | D:4      | Reached XP level 6. HP: 41/46 MP: 8/10
  3745 | D:4      | Noticed Duvessa
  3746 | D:4      | Noticed Dowan
  3758 | D:4      | Slain by Duvessa

Illustrated notes

Levels and vault maps discovered:
D:1:      amcnicky_arrival_gap_in_the_tavern_cellar, layout_loops_corners,
          ebering_ecumenical_altar_ruins, hangedman_decor_push
D:2:      layout_basic, basic_altar
D:3:      layout_basic, nicolae_overflow_hidden_temple, st_stairs_14,
          uniq_terence, uniq_jessica
D:4:      layout_basic, gammafunk_temple_overflow_pools, uniq_duvessa,
          uniq_natasha

Skill      XL: |  1  2  3  4  5 |
---------------+----------------+-----
Dodging        | 3 4 |  4.1
Transmutations | 3 4 |  4.0
Unarmed Combat | 4 |  4.9
Fighting       | 2 |  2.5
Spellcasting   | |  2.8

Action                     |  1- 3 |  4- 6 || total
---------------------------+-------+-------++-------
  Melee: Unarmed           |   103 |   100 ||   203
         Headbutt          |    13 |    20 ||    33
         Punch             |     2 |     4 ||     6
   Cast: Beastly Appendage |    33 |    15 ||    48
    Use: Potion            |     2 |     2 ||     4
         Scroll            |       |     2 ||     2
   Stab: Sleeping          |     1 |       ||     1
 Armour: Robe              |     9 |     4 ||    13
  Dodge: Dodged            |    66 |    55 ||   121
